 Dungeon Crawl Stone Soup version 0.19.0-24-gb05acd6 (webtiles) character file.

252 Monsterracer the Poker (level 6, -3/37 HPs)
             Began as a Tengu Fighter on Nov 22, 2016.
             Slain by a gnoll
             ... wielding a +0 spear of piercing
              (7 damage)
             ... on level 4 of the Dungeon.
             The game lasted 00:06:33 (2749 turns).

Monsterracer the Poker (Tengu Fighter)              Turns: 2749, Time: 00:06:34

Health: -3/37      AC:  8    Str: 18    XL:     6   Next: 13%
Magic:  7/7        EV:  7    Int:  9    God:
Gold:   187        SH:  9    Dex: 15    Spells: 0 memorised, 5 levels left

rFire  . . .     SeeInvis .     a - +0 trident
rCold  . . .     Gourm    .     b - +0 scale mail
rNeg   . . .     Faith    .     c - +0 shield
rPois  .         Spirit   .     (helmet restricted)
rElec  .         Reflect  .     (no cloak)
rCorr  +         Harm     .     k - +0 pair of gloves
MR     .....     Rnd*Tele +     (boots unavailable)
Stlth  ..........               (no amulet)
                                j - ring of teleportation (curse)
                                m - ring of resist corrosion

@: no status effects
A: beak, talons 3, strong 1, able to fly 1
a: Fly


You were on level 4 of the Dungeon.
You were very hungry.

You visited 1 branch of the dungeon, and saw 4 of its levels.

You collected 187 gold pieces.

Inventory:

Hand Weapons
 a - a +0 trident (weapon)
Armour
 b - a +0 scale mail (worn)
 c - a +0 shield (worn)
 k - a +0 pair of gloves (worn)
 t - a +0 leather armour
Jewellery
 d - an uncursed ring of ice
 e - an uncursed ring of magical power
 j - a cursed ring of teleportation (right hand)
 m - a ring of resist corrosion (left hand)
Scrolls
 g - 4 scrolls of identify {unknown}
 i - 2 scrolls of amnesia {unknown}
 l - a scroll of remove curse {unknown}
 n - a scroll of random uselessness {unknown}
 o - a scroll of fear {unknown}
 p - a scroll of blinking {unknown}
 q - a scroll of enchant armour {unknown}
 u - a scroll of enchant weapon {unknown}
Potions
 r - a potion of flight
 s - a potion of brilliance
Comestibles
 f - 6 bread rations
 h - 2 meat rations


   Skills:
 - Level 3.0 Fighting
 + Level 6.9 Polearms
 - Level 3.2 Armour
 - Level 3.0 Shields


You had 5 spell levels left.
You didn't know any spells.

Dungeon Overview and Level Annotations

Branches:
Dungeon (4/15)
 Temple: D:4-7

Altars:
Ru


Innate Abilities, Weirdness & Mutations

You have a beak for a mouth.
You have claws for feet.
You can fly.
Your muscles are strong. (Str +2)


Message History

You reach to attack!
You hit the gnoll.
The gnoll is moderately wounded.
The gnoll hits you from afar with a halberd.
* * * LOW HITPOINT WARNING * * *
You are too injured to fight recklessly!
You are too injured to fight recklessly!
You swoop lightly up into the air.
You feel very comfortable in the air.
You are feeling very hungry.
Found a fruit.
You are starting to lose your buoyancy.
You float gracefully downwards.
There is a stone staircase leading up here.
The gnoll hits you but does no damage. The gnoll hits you but does no damage.
The gnoll hits you from afar with a spear of piercing.
* * * LOW HITPOINT WARNING * * *
x2 The gnoll hits you with a halberd.
* * * LOW HITPOINT WARNING * * *
The gnoll hits you from afar with a spear of piercing!
You die...

#.# #g# #.# #.# #.# #..
#.# #.# #.# #.# ##.# #.#
#.# #.# #..# #.# #.# #.#
#.## ##.#####g# #.#
###.### #........# #.#
#.....#
#.g##########.###.#.#.###
#..# #@................
#..# #g##.#####.#.#.###
#..# #g##.# #........
#..# #.##.# ###.#.###
#..#####.##.#######.#†#
#..g................#.#
###########.#########.##
#.########...#
#............#


You could see 2 gnolls.

Vanquished Creatures
  A hound (D:3)
  An orc wizard (D:2)
  Jessica (D:2)
  Ijyb (D:2)
  A worker ant (D:4)
  A gnoll (D:4)
  4 adders
  2 worms (D:2)
  The ghost of dscm the Grasshopper, a weakling OpWr (D:3)
  2 dart slugs (D:1)
  2 leopard geckos
  2 orcs (D:3)
  2 ball pythons
  3 giant cockroaches
  7 goblins
  5 hobgoblins
  3 jackals
  6 kobolds
  9 bats
  2 frilled lizards (D:3)
  12 rats
68 creatures vanquished.

Notes
Turn   | Place    | Note
-------+----------+-------------------------------------------
     0 | D:1      | Monsterracer the Tengu Fighter began the quest for the Orb.
     0 | D:1      | Reached XP level 1. HP: 14/14 MP: 2/2
   126 | D:1      | Reached XP level 2. HP: 19/19 MP: 3/3
   151 | D:1      | Reached skill level 3 in Polearms
   602 | D:1      | Reached XP level 3. HP: 18/23 MP: 4/4
   738 | D:1      | Reached skill level 4 in Polearms
   929 | D:2      | Reached XP level 4. HP: 28/28 MP: 5/5
  1077 | D:2      | Noticed Jessica
  1080 | D:2      | Killed Jessica
  1080 | D:2      | Reached skill level 5 in Polearms
  1189 | D:2      | Noticed Ijyb
  1196 | D:2      | Killed Ijyb
  1196 | D:2      | Gained mutation: You can fly. [Tengu growth]
  1196 | D:2      | Reached XP level 5. HP: 32/32 MP: 6/6
  1464 | D:2      | Found a sacrificial altar of Ru.
  1468 | D:2      | Reached skill level 6 in Polearms
  2033 | D:3      | Noticed dscm's ghost (weakling OpWr)
  2037 | D:3      | Killed dscm's ghost
  2487 | D:4      | Gained mutation: Your muscles are strong. (Str +2) [potion of beneficial mutation]
  2504 | D:4      | Reached XP level 6. HP: 34/37 MP: 7/7
  2749 | D:4      | Slain by a gnoll

Skill      XL: |  1  2  3  4  5 |
---------------+----------------+-----
Polearms       | 3 4 5 6 |  6.9
Fighting       | |  3.0
Armour         | |  3.2
Shields        | |  3.0

Action                   |  1- 3 |  4- 6 || total
-------------------------+-------+-------++-------
Melee: Trident           |    82 |   117 ||   199
       Kick              |    19 |    19 ||    38
       Peck              |     9 |    15 ||    24
 Abil: Fly               |       |     1 ||     1
  Use: Potion            |     6 |     5 ||    11
  Eat: Chunk             |       |     5 ||     5
Armor: Scale mail        |    30 |    35 ||    65
Dodge: Dodged            |     9 |    14 ||    23
Block: Shield            |    22 |    46 ||    68
